AoeStats
← taki英语课睡觉

Fortress

509580221Analyzed
4v4 RM · 6d ago on Sep 27, 2026· 22m 13s· 8 players
Game mode
Random Map
Map size
Huge
Population
200
Speed
Normal
Resources
Standard
Victory
Conquest
Starting age
Dark Age
Ending age
Imperial Age
RankedLock teamsTeams togetherTeam positionsShared explorationLock speedFull tech treeHidden civsTurbo modeCheats
Victory
Defeat
🇨🇳 Burmese · China
1255
+13
🇭🇰 Turks · Hong Kong SAR China
1227
+14
🇨🇳 Turks · China
1156
+17
🇨🇿 Varangians · Czechia
1146
+19
🇲🇽 Goths · Mexico
1214
-17
🇪🇬 Malay · Egypt
1200
-16
🇬🇧 Celts · United Kingdom
1171
-15
🇺🇸 Saxons · United States
1163
-15
ABRAXAS
7:14 Feudal Age
7:09 Loom
11:30 Castle Age
9:25 Horse Collar
9:32 Double-Bit Axe
12:29 Heavy Plow
16:35 Scale Mail Armor
DSLG | Maxteel97
8:21 Feudal Age
12:34 Castle Age
11:35 Double-Bit Axe
11:31 Horse Collar
15:32 Bow Saw
Des
8:13 Feudal Age
11:43 Castle Age
9:54 Loom
10:08 Double-Bit Axe
10:20 Horse Collar
Sephiroth
7:00 Feudal Age
12:39 Castle Age
10:27 Horse Collar
11:00 Double-Bit Axe
11:09 Gold Mining
12:38 Heavy Plow
14:12 Loom
16:40 Bow Saw
17:28 Wheelbarrow
17:18 Squires
17:41 Forging
18:59 Iron Casting
19:03 Arson
20:22 Gold Shaft Mining
21:22 Hand Cart
21:18 Stone Mining
Wandraak
6:48 Feudal Age
10:30 Castle Age
8:39 Double-Bit Axe
8:57 Horse Collar
11:51 Bow Saw
17:22 Wheelbarrow
19:06 Fervor
19:35 Hand Cart
20:24 Loom
Soyo不用學英文
8:08 Feudal Age
11:58 Castle Age
10:07 Horse Collar
11:42 Gold Mining
13:06 Padded Archer Armor
20:20 Husbandry
22:10 Bloodlines
taki英语课睡觉
7:28 Feudal Age
11:37 Castle Age
15:48 Imperial Age
13:54 Double-Bit Axe
15:28 Bow Saw
16:42 Gold Mining
21:22 Horse Collar
w2k8m1w2762
1:20 Loom
8:36 Feudal Age
14:44 Castle Age
12:30 Horse Collar
12:39 Double-Bit Axe
12:47 Gold Mining
12:48 Stone Mining
16:43 Bow Saw
17:36 Wheelbarrow
Connection lost

Rejoining the realm…

Still unreachable

The connection could not be restored.

Session expired

The server has moved on; the page needs a fresh start.